 Dungeon Crawl Stone Soup version 0.31-a0-656-gb4d89c20fa (webtiles) character file.

Game seed: 12680879398813408955

64 subawu the Gusty (level 3, -1/26 HPs)
             Began as a Draconian Air Elementalist on Aug 29, 2023.
             Killed by divine providence
             ... invoked by an orc priest
              (17 damage)
             ... on level 3 of the Dungeon on Aug 30, 2023.
             The game lasted 00:08:24 (1977 turns).

subawu the Gusty (Draconian Air Elementalist)       Turns: 1977, Time: 00:08:24

Health: -1/26      AC:  6    Str: 12    XL:     3   Next: 91%
Magic:  2/6        EV: 12    Int: 15    God:
Gold:   93         SH:  0    Dex: 11    Spells: 5/6 levels left

rFire   . . .        i - +2 dagger (protect)
rCold   . . .        (no shield)
rNeg    . . .        (body armour unavailable)
rPois   .            (helmet restricted)
rElec   .            g - +0 cloak
rCorr   .            (no gloves)
SInv    .            (no boots)
Will    .....        (no amulet)
Stlth   ++           (no ring)
HPRegen 0.24/turn    (no ring)
MPRegen 0.10/turn

%: no passive effects
@: no status effects
A: AC +5, unfitting armour, cold-blooded
a: no special abilities


You were on level 3 of the Dungeon.
You visited 1 branch of the dungeon, and saw 3 of its levels.

You collected 117 gold pieces.
You spent 24 gold pieces at shops.

Inventory:

Hand Weapons
 b - a +0 short sword of protection
 d - a +2 dagger of venom
 i - a +2 dagger of protection (weapon)
Missiles
 c - 18 stones
Armour
 g - a +0 cloak (worn)
 o - an orb of mayhem
Scrolls
 k - 2 scrolls of identify
Potions
 a - 2 potions of magic
 f - 2 potions of curing {unknown}
 h - a potion of brilliance {unknown}
 m - a potion of berserk rage {unknown}
 p - a potion of haste {unknown}


   Skills:
 + Level 2.3 Dodging
 + Level 2.4 Stealth
 + Level 2.4 Spellcasting
 + Level 1.8 Conjurations
 + Level 3.3 Air Magic


You had 5 spell levels left.
You knew the following spells:

 Your Spells              Type           Power      Damage    Failure   Level
a - Shock                 Conj/Air       36%        1d5       7%          1

Your spell library contained the following spells:

 Spells                   Type           Power      Damage    Failure   Level
 Static Discharge         Conj/Air       18%        2-3/arc   11%         2
 Swiftness                Air            12%        N/A       16%         3
 Airstrike                Air            6%         2d(1-17)  45%         4


Dungeon Overview and Level Annotations

Branches:
Dungeon (3/15)

Altars:
Okawaru

Shops:
D:3 *

Annotations:
D:2 1 runed translucent door, Crazy Yiuf


Innate Abilities, Weirdness & Mutations

Your plain brown scales are hard. (AC +5)
You cannot fit into any form of body armour.
You are cold-blooded and may be slowed by cold attacks.


Message History

Casting: Shock (safe; 7% risk of failure)
Confirm with . or Enter, or press ? or * to list all spells.
Aiming: Shock (safe; 7% risk of failure)
Press: ? - help, Shift-Dir - straight line, f - orc priest
Aim: an orc priest, wielding a +0 club (moderately wounded, 68% to hit)
The zap hits the orc priest.
The orc priest is heavily wounded.
The orc misses you.
The orc priest hits you but does no damage.
Casting: Shock (safe; 7% risk of failure)
Confirm with . or Enter, or press ? or * to list all spells.
Aiming: Shock (safe; 7% risk of failure)
Press: ? - help, Shift-Dir - straight line, f/p - orc priest
Aim: an orc priest, wielding a +0 club (heavily wounded, 68% to hit)
The zap hits the orc priest.
The orc priest is severely wounded.
The orc closely misses you.
The orc priest calls down the wrath of Beogh upon you.
You barely resist.
Casting: Shock (safe; 7% risk of failure)
Confirm with . or Enter, or press ? or * to list all spells.
Aiming: Shock (safe; 7% risk of failure)
Press: ? - help, Shift-Dir - straight line, f/p - orc priest
Aim: an orc priest, wielding a +0 club (severely wounded, 68% to hit)
The zap hits the orc priest.
The orc priest is almost dead.
The orc barely misses you.
The orc priest looks braver for a moment.
The orc closely misses you.
Casting: Shock (safe; 7% risk of failure)
Confirm with . or Enter, or press ? or * to list all spells.
Aiming: Shock (safe; 7% risk of failure)
Press: ? - help, Shift-Dir - straight line, f/p - orc priest
Aim: an orc priest, wielding a +0 club (almost dead, 68% to hit)
The zap misses the orc priest.
The orc hits you with a +0 club. The orc hits you but does no damage.
The orc priest invokes the aid of Beogh against you.
Beogh smites you!
Ouch! That really hurt!
You die...

##.##.......##.# *,,,** *******
...#...........###,_,,* *,,,,,,
..##.....##.#.#..#,,,,*** *,****,
......##......#.##,,,,+,***,****,
#.###.##.##.###.#*,,,,*,,,,,,,,*,
#.# #.##.##.# #.#*,_,,*****,**,*,
..# #.......# #.#*,,,** *,,,,,,
### ###...### #.####### ****,,,
#######.....###.@oo...# ****
................oo.####
≈≈≈≈≈§≈§≈≈§.≈≈≈≈≈..#
≈###§.≈###≈.≈###≈..# ******* ≈#
#§.§# #§.≈# #≈..#** *,,,,,*
≈#*#≈.≈#*#≈.§#*#≈....*****,,,,,*
≈§~§§§≈≈≈≈§.≈≈≈≈≈.....,,,,,,,,,*
...§.§.§...,..)........,**,,,,,*
≈§§§≈§§≈≈§~,~~~~≈..#.##,**<,,,,*


You could see an orc priest and 3 orcs.

Vanquished Creatures
  An adder (D:2)
  A dart slug (D:1)
  2 orcs (D:3)
  5 ball pythons
  8 bats
  An endoplasm (D:2)
  4 giant cockroaches
  2 goblins (D:2)
  5 hobgoblins
  4 quokkas
  4 frilled lizards
  4 kobolds
  7 rats
48 creatures vanquished.

Notes
Turn   | Place    | Note
-------+----------+-------------------------------------------
     0 | D:1      | subawu the Draconian Air Elementalist began the quest for
                  | the Orb.
     0 | D:1      | Reached XP level 1. HP: 14/14 MP: 3/3
   235 | D:1      | Reached XP level 2. HP: 17/20 MP: 5/5
   410 | D:1      | Found a faded altar of an unknown god.
  1061 | D:2      | Reached XP level 3. HP: 24/26 MP: 4/6
  1137 | D:2      | Found an iron altar of Okawaru.
  1661 | D:2      | Found a runed translucent door.
  1662 | D:2      | Noticed Crazy Yiuf
  1735 | D:3      | Upgraded the game from 0.31-a0-654-gbe3e110b4e to
                  | 0.31-a0-656-gb4d89c20fa
  1826 | D:3      | Found Plog's General Store.
  1834 | D:3      | Bought a scroll of identify for 24 gold pieces
  1977 | D:3      | Killed from afar by an orc priest

Illustrated notes

Levels and vault maps discovered:
D:1:      minmay_arrival_plants_in_alcoves, layout_basic,
          dreamdust_ecumenical_altar_statues
D:2:      layout_rooms, basic_altar, serial_curves, eino_curves_02,
          eino_curves_01, chequers_serial_rivers_micro_e,
          uniq_crazy_yiuf_cottage
D:3:      layout_loops_cross, grunt_temple_overflow_gold_and_silver,
          serial_shops, nicolae_shop_pleasant_corner_grove, kennysheep_boxes

Skill      XL: |  1  2 |
---------------+-------+-----
Stealth        | 2 |  2.4
Dodging        | 2 |  2.3
Spellcasting   | |  2.4
Conjurations   | |  1.8
Air Magic      | |  3.3

Action                     || total
---------------------------++-------
  Melee: Dagger            ||   102
         Short sword       ||     3
         Tailslap          ||    10
         Punch             ||     1
   Cast: Shock             ||    39
    Use: Scroll            ||     4
 Armour: Skin              ||    59
  Dodge: Dodged            ||   110

Table legend: (Time is in decaauts)
 A = Elapsed time spent in this place.
 B = Non-inter-level travel time spent in this place.
 C = Inter-level travel time spent in this place.
 D = Time resting spent in this place.
 E = Time spent auto-exploring this place.
 F = Levels seen in this place.
 G = Mean time per level.
                   A        B        C        D        E       F      G
               +--------+--------+--------+--------+--------+-----+--------+
         Total |   1975 |   1905 |     70 |     87 |   1203 |   3 |  658.3 |
       Dungeon |   1975 |   1905 |     70 |     87 |   1203 |   3 |  658.3 |
               +--------+--------+--------+--------+--------+-----+--------+

Top non-repeatable levels by time:
     D:1: 944 daAuts
     D:2: 786 daAuts
     D:3: 244 daAuts
